 Dungeon Crawl Stone Soup version 0.20-a0-792-g09bcfd3 (webtiles) character file.

385 sankara the Covered (level 6, -10/51 HPs)
             Began as a Barachian Fighter on Feb 28, 2017.
             Mangled by an ogre
             ... wielding a +0 giant club
              (24 damage)
             ... on level 4 of the Dungeon.
             The game lasted 00:07:16 (2669 turns).

sankara the Covered (Barachian Fighter)             Turns: 2669, Time: 00:07:17

Health: -10/51     AC: 10    Str: 18    XL:     6   Next: 77%
Magic:  6/6        EV:  9    Int:  8    God:
Gold:   172        SH:  9    Dex: 13    Spells: 5/5 levels left

rFire    . . .     SeeInvis .   a - +0 long sword
rCold    . . .     Gourm    .   b - +0 scale mail
rNeg     . . .     Faith    .   c - +0 shield
rPois    .         Spirit   .   (no helmet)
rElec    .         Reflect  .   j - +0 cloak
rCorr    .         Harm     .   (no gloves)
MR       .....                  r - +1 pair of boots
Stlth    ..........             (no amulet)
Regen    0.2/turn               (no ring)
MPRegen  0.1/turn               (no ring)

@: slow
A: +LOS, swims, slowness 1, strong legs 1
a: Hop


You were on level 4 of the Dungeon.
You were not hungry.

You visited 1 branch of the dungeon, and saw 4 of its levels.

You collected 172 gold pieces.

Inventory:

Hand Weapons
 a - a +0 long sword (weapon)
Armour
 b - a +0 scale mail (worn)
 c - a +0 shield (worn)
 j - a +0 cloak (worn)
 l - a +0 large shield
 r - a +1 pair of boots (worn)
Wands
 s - a wand of lightning (8/15)
Scrolls
 e - 4 scrolls of identify
 g - a scroll of enchant armour
 h - 3 scrolls of teleportation
 k - a scroll of blinking {unknown}
Potions
 d - 3 potions of might
Comestibles
 f - 4 bread rations
 m - 3 fruits


   Skills:
 + Level 5.0 Fighting
 + Level 4.4 Long Blades
 + Level 5.0 Armour
 + Level 3.1 Dodging
 + Level 4.4 Shields


You had 5 spell levels left.
You didn't know any spells.

Dungeon Overview and Level Annotations

Branches:
Dungeon (4/15)
 Temple: D:4-7

Altars:
Qazlal
Xom


Innate Abilities, Weirdness & Mutations

Shadows flee at your approach. (+LOS)
You can swim through water.
You cover ground slowly.
You can hop short distances.


Message History

You kill the quokka!
You barely miss the ogre. The ogre barely misses you.
All of the chunks of flesh in your inventory have rotted away.
You are too injured to fight recklessly!
You are too injured to fight recklessly!
You are too injured to fight recklessly!
You are too injured to fight recklessly!
You are too injured to fight recklessly!
You closely miss the ogre. The ogre barely misses you.
You hit the ogre.
The ogre is lightly wounded.
You block the ogre's attack.
Your shield and scale mail prevent you from hitting the ogre.
The ogre is lightly wounded.
The ogre hits you with a giant club!
* * * LOW HITPOINT WARNING * * *
You hit the ogre.
The ogre is moderately wounded.
The ogre hits you with a giant club!!
You die...

######
....# ...#
..# #.#
#@# %. #O#
O...
#o##......
#<........
#'##......
... .....
..... ....
#.....#
##.
#.#####


You could see an ogre and an orc.

Vanquished Creatures
  Sigmund (D:3)
  Crazy Yiuf (D:3)
  Jessica (D:3)
  Natasha (twice) (D:3)
  An orc wizard (D:4)
  4 adders
  2 oozes
  2 worms (D:2)
  3 orcs (D:4)
  3 giant cockroaches
  A goblin (D:2)
  7 hobgoblins
  9 kobolds
  3 quokkas
  4 ball pythons
  4 bats
  3 frilled lizards
  5 rats
56 creatures vanquished.

Vanquished Creatures (others)
  A worm (D:2)
  A bat (D:2)
2 creatures vanquished.

Grand Total: 58 creatures vanquished

Notes
Turn   | Place    | Note
-------+----------+-------------------------------------------
     0 | D:1      | sankara the Barachian Fighter began the quest for the Orb.
     0 | D:1      | Reached XP level 1. HP: 18/18 MP: 1/1
   364 | D:1      | Reached skill level 1 in Dodging
   364 | D:1      | Reached XP level 2. HP: 20/25 MP: 2/2
   938 | D:2      | Found a shimmering altar of Xom.
   999 | D:2      | Reached XP level 3. HP: 7/30 MP: 3/3
  1560 | D:2      | Reached XP level 4. HP: 37/37 MP: 4/4
  1684 | D:2      | Found a stormy altar of Qazlal.
  1925 | D:3      | Noticed Jessica
  1931 | D:3      | Killed Jessica
  1952 | D:3      | Found a runed door.
  2099 | D:3      | Noticed Sigmund
  2110 | D:3      | Killed Sigmund
  2110 | D:3      | Reached XP level 5. HP: 21/43 MP: 5/5
  2110 | D:3      | Reached XP level 6. HP: 24/49 MP: 6/6
  2287 | D:3      | Noticed Natasha
  2295 | D:3      | Killed Natasha
  2334 | D:3      | Noticed Natasha
  2343 | D:3      | Killed Natasha
  2343 | D:3      | Reached skill level 5 in Armour
  2569 | D:3      | Noticed Crazy Yiuf
  2576 | D:3      | Killed Crazy Yiuf
  2661 | D:4      | Reached skill level 5 in Fighting
  2669 | D:4      | Mangled by an ogre

Vault maps used:
D:1:      scummos_arrival_forest
D:2:      xom_butterflies, nicolae_qazlal_eye_of_the_storm, first_bread
D:3:      uniq_natasha, uniq_crazy_yiuf_cottage, uniq_sigmund, uniq_jessica
D:4:      minmay_temple_entry_glass, portal_sewer_entry_d, uniq_eustachio

Skill      XL: |  1  2  3  4  5  6 |
---------------+-------------------+-----
Dodging        | 1 2 3 |  3.1
Long Blades    | 3 4 |  4.4
Fighting       | 4 5 |  5.0
Armour         | 4 5 |  5.0
Shields        | 4 |  4.4

Action                   |  1- 3 |  4- 6 || total
-------------------------+-------+-------++-------
Melee: Long sword        |   144 |   112 ||   256
Evoke: Wand              |     5 |       ||     5
  Use: Scroll            |       |     6 ||     6
       Potion            |       |     4 ||     4
  Eat: Chunk             |     3 |     4 ||     7
Armor: Scale mail        |    71 |    54 ||   125
Dodge: Dodged            |    42 |    23 ||    65
Block: Shield            |    76 |    50 ||   126
       Rpst.: Long sword |    12 |     8 ||    20
